Map: Submarine LE

Players

INnoVation

  • Race: Terran Terran
  • League: Grandmaster
  • Spawn Location: 5:00

TYTY (TY) - Winner!

  • Race: Terran Terran
  • League: Grandmaster
  • Spawn Location: 11:00

VOD

Have the link to the VOD?

Description

Time

  • Played on: Jan. 16, 2021, 9:29 a.m.
  • Length: 14:21
Show
View Real Time Build Order
Export as new Build Order

INnoVation Terran 

Build Orders:  

Get SALT Encoding   

  12  0:00  SCV  
  13  0:12  SCV  
  14  0:16  Supply Depot  
  14  0:24  SCV  
  15  0:38  SCV  
  15  0:40  Barracks  
  16  0:43  Refinery  
  16  0:50  SCV  
  16  0:53  Refinery  
  17  1:02  SCV  
  18  1:14  SCV  
  19  1:26  Orbital Command  
  19  1:27  Reaper  
  19  1:28  Supply Depot  
  20  1:42  Factory  
  20  1:52  SCV  
  21  1:59  Reaper  
  22  2:04  SCV  
  23  2:16  SCV  
  24  2:23  Command Center  
  24  2:28  SCV  
  25  2:32  Barracks Reactor  
  25  2:36  Supply Depot  
  25  2:40  Factory Tech Lab, SCV  
  26  2:46  Starport  
  26  2:52  SCV  
  27  3:04  Siege Tank  
  30  3:06  SCV  
  30  3:08  Marine x2  
  33  3:15  Refinery  
  33  3:18  SCV  
  34  3:23  Medivac  
  34  3:26  Marine x2  
  38  3:31  SCV  
  39  3:35  Orbital Command  
  39  3:44  Siege Tank, Marine  
  39  3:47  SCV  
  44  3:53  Starport Tech Lab  
  44  4:01  SCV x2  
  46  4:04  Marine x2  
  46  4:08  Supply Depot  
  48  4:11  Raven  
  50  4:17  SCV x2  
  50  4:22  Marine x2  
  54  4:29  Siege Tank  
  53  4:31  SCV x2  
  52  4:46  Supply Depot x2  
  52  4:49  SCV x2  
  54  5:07  Raven, SCV x2, Marine x2  
  54  5:10  Supply Depot  
  60  5:14  Siege Tank  
  60  5:19  SCV x2  
  65  5:25  Marine x2  
  67  5:32  SCV x2  
  69  5:41  Command Center  
  69  5:44  Supply Depot, SCV x2  
  69  5:47  Siege Tank  
  74  5:56  SCV x2  
  76  6:04  Starport Reactor  
  76  6:06  Barracks  
  76  6:08  SCV x2  
  76  6:09  Barracks  
  78  6:12  Stimpack, Marine  
  77  6:19  Siege Tank  
  77  6:20  SCV x2  
  77  6:25  Engineering Bay  
  81  6:26  Engineering Bay, Supply Depot  
  81  6:31  Refinery  
  81  6:32  SCV x2  
  83  6:44  SCV x2  
  85  6:48  Viking x2  
  85  6:49  Supply Depot  
  85  6:53  Marine  
  85  6:54  Marine  
  90  6:59  Barracks Reactor  
  90  7:00  SCV x2  
  90  7:01  Terran Infantry Armor Level 1, Terran Infantry Weapons Level 1  
  90  7:05  Command Center  
  90  7:06  Marine  
  91  7:11  Marine x2  
  92  7:15  Supply Depot  
  92  7:18  Viking x2  
  92  7:21  SCV  
  92  7:22  SCV  
  98  7:24  Marine  
  98  7:28  Siege Tank  
  102  7:37  Marine x2  
  102  7:39  Supply Depot  
  102  7:41  Supply Depot, Marine x2  
  102  7:42  Marine  
  107  7:48  Viking  
  109  7:51  Combat Shield  
  109  7:54  Marine  
  109  7:58  Supply Depot  
  110  8:00  Viking  
  110  8:01  Marine  
  110  8:02  Marine  
  110  8:03  Siege Tank  
  116  8:06  SCV x2  
  117  8:14  Marine x3  
  117  8:19  Marine x2, Viking  
  123  8:24  SCV x2  
  126  8:30  Viking  
  126  8:31  Supply Depot  
  126  8:32  Marine x2  
  130  8:36  Siege Tank  
  132  8:44  Marine x3  
  132  8:48  Orbital Command  
  129  8:50  Marine x2  
  131  8:57  Viking  
  131  9:00  Viking  
  131  9:02  Marine x3  
  137  9:08  Siege Tank  
  141  9:13  Marine x2  
  143  9:20  Marine x3  
  137  9:27  Viking  
  137  9:30  Viking  
  137  9:31  Marine x2  
  140  9:36  SCV x2  
  140  9:37  SCV  
  140  9:38  Marine x2  
  146  9:40  Siege Tank  
  148  9:48  Marine  
  148  9:49  Marine x2  
  140  9:58  Supply Depot x3  
  133  10:03  Refinery  
  131  10:19  Medivac x2, Marine x4  
  126  10:30  Siege Tank  
  126  10:32  Marine  
  126  10:35  SCV  
  126  10:37  Marine x3  
  120  10:47  Marine  
  109  10:50  Marine  
  109  10:52  Barracks  
  109  10:53  Barracks  
  109  10:54  Medivac x2, Marine x3  
  112  11:05  Marine  
  112  11:08  Marine  
  106  11:12  Orbital Command, Marine x3  
  106  11:14  SCV x2  
  106  11:15  Refinery  
  108  11:23  Medivac, Marine  
  108  11:24  Medivac  
  113  11:26  Marine  
  113  11:29  SCV x2  
  113  11:30  Marine x3  
  96  11:50  Barracks Reactor, Marine  
  96  11:51  Barracks Reactor, Marine x4  
  96  11:52  SCV  
  96  11:53  SCV  
  83  11:56  Engineering Bay  
  83  12:04  Siege Tank  
  83  12:08  Marine x2  
  86  12:09  Marine x3  
  86  12:15  Liberator x2  
  96  12:26  Marine x3  
  96  12:27  Marine x2  
  96  12:28  Marine x4  
  104  12:36  Siege Tank  
  106  12:43  Marine  
  104  12:44  Marine x3  
  104  12:45  Marine x2  
  104  12:46  Marine x3  
  112  12:57  Liberator x2  
  117  13:01  Marine  
  112  13:13  Marine x6  
  118  13:21  Siege Tank  
  118  13:24  Marine  
  122  13:28  Marine x2  
  117  13:54  Marine x4  
Show
View Real Time Build Order
Export as new Build Order

TYTY Terran - Winner!

Build Orders: Reaper Expand 

Get SALT Encoding   

  12  0:00  SCV  
  13  0:12  SCV  
  14  0:17  Supply Depot  
  14  0:24  SCV  
  15  0:38  SCV  
  15  0:39  Barracks  
  15  0:42  Refinery  
  16  0:50  SCV  
  17  1:02  SCV  
  18  1:15  SCV  
  19  1:26  Reaper  
  19  1:27  Orbital Command  
  20  1:38  Command Center  
  20  1:47  Supply Depot  
  20  1:53  SCV  
  21  1:58  Marine  
  22  2:02  Factory  
  22  2:05  SCV  
  23  2:09  Refinery  
  23  2:17  SCV  
  23  2:19  Barracks Reactor  
  24  2:29  SCV  
  25  2:41  SCV  
  26  2:46  Hellion  
  26  2:47  Starport  
  26  2:49  Orbital Command  
  28  2:53  SCV  
  28  2:56  Marine x2  
  31  3:05  SCV  
  32  3:07  Widow Mine  
  34  3:14  Marine x2  
  34  3:15  Supply Depot  
  34  3:16  SCV  
  34  3:19  SCV  
  38  3:24  Medivac  
  40  3:28  SCV  
  40  3:29  Factory Tech Lab  
  40  3:32  Marine x2  
  44  3:34  SCV  
  44  3:40  SCV  
  45  3:42  Refinery  
  45  3:47  Siege Tank  
  48  3:49  Marine  
  48  3:50  Marine  
  48  3:51  SCV  
  51  3:59  Viking  
  54  4:03  Supply Depot  
  54  4:07  Marine  
  54  4:09  Marine  
  54  4:15  SCV x2  
  56  4:19  Siege Tank  
  59  4:25  Marine  
  59  4:27  SCV, Marine  
  59  4:29  SCV  
  63  4:33  Starport Tech Lab  
  63  4:39  SCV  
  63  4:41  SCV  
  63  4:50  Marine  
  63  4:51  SCV, Marine  
  65  4:53  Supply Depot, Raven  
  65  4:55  SCV  
  65  4:57  Siege Tank  
  68  5:03  SCV  
  69  5:07  SCV  
  70  5:14  Marine x2  
  70  5:17  Command Center, SCV  
  73  5:22  SCV  
  73  5:28  Supply Depot  
  74  5:32  Siege Tank  
  78  5:37  Refinery  
  78  5:41  SCV  
  78  5:45  Supply Depot x2  
  78  5:49  SCV  
  79  5:53  SCV  
  80  5:58  Marine, Viking x2  
  80  6:01  SCV  
  84  6:04  Stimpack  
  84  6:05  SCV  
  84  6:06  Siege Tank  
  87  6:13  SCV  
  87  6:18  SCV  
  88  6:27  Viking  
  88  6:28  Viking  
  88  6:31  Marine  
  93  6:34  SCV x2  
  93  6:35  Barracks  
  93  6:38  Barracks, Siege Tank  
  97  6:48  Marine  
  95  6:55  SCV x2  
  95  6:59  Orbital Command  
  96  7:01  Engineering Bay, Viking x2  
  96  7:02  Engineering Bay  
  96  7:06  Supply Depot, Marine  
  96  7:08  SCV x2  
  103  7:16  Siege Tank  
  103  7:20  Orbital Command, SCV  
  107  7:26  Barracks Reactor x2  
  107  7:27  Refinery  
  107  7:28  SCV  
  108  7:31  Terran Infantry Armor Level 1, Terran Infantry Weapons Level 1, Refinery  
  108  7:32  SCV  
  109  7:40  Sensor Tower, SCV  
  111  7:44  SCV  
  111  7:47  Marine  
  111  7:48  Combat Shield  
  111  7:50  SCV  
  113  7:52  SCV  
  113  7:56  SCV  
  118  8:01  Siege Tank  
  118  8:03  SCV  
  118  8:04  SCV, Marine x2  
  118  8:05  Marine x2  
  121  8:11  Supply Depot  
  121  8:12  Supply Depot, Barracks  
  122  8:13  Barracks  
  122  8:15  Armory, SCV  
  125  8:28  Medivac  
  125  8:32  Medivac, Marine  
  125  8:33  Marine x3  
  125  8:34  Siege Tank  
  132  8:44  Marine  
  132  8:50  Marine x2  
  132  8:51  Marine  
  132  8:52  Command Center  
  132  8:54  Factory, Marine  
  136  8:57  Supply Depot  
  136  8:58  Supply Depot x2  
  136  8:59  Barracks Reactor  
  136  9:01  Marine  
  136  9:02  Viking x2  
  141  9:06  Barracks Reactor  
  141  9:11  Missile Turret  
  141  9:18  Marine x2  
  141  9:19  Siege Tank, Marine x3  
  139  9:27  Terran Infantry Armor Level 2, Terran Infantry Weapons Level 2  
  139  9:31  SCV  
  136  9:36  Marine x2  
  136  9:37  Marine x4  
  143  9:41  Terran Vehicle Weapons Level 1  
  143  9:42  Marine x2  
  136  9:53  Factory Tech Lab  
  136  9:54  Marine x4  
  136  9:55  Marine x2  
  136  9:57  Siege Tank  
  136  9:58  Medivac x2  
  143  10:00  Marine  
  143  10:01  Marine  
  143  10:09  Factory Tech Lab  
  143  10:11  Marine  
  144  10:14  Marine x2  
  144  10:15  Marine x2  
  145  10:24  Marine x2  
  145  10:28  Liberator  
  139  10:29  Siege Tank  
  139  10:30  Liberator  
  139  10:34  Marine x4  
  139  10:35  Marine x2  
  124  10:40  SCV  
  124  10:42  Marine x2  
  119  10:49  Orbital Command  
  112  10:51  Marine  
  112  10:52  Marine x3  
  112  10:53  Marine x2  
  116  11:00  Marine x2  
  113  11:05  Siege Tank  
  113  11:09  Marine x3  
  113  11:10  Marine  
  114  11:15  Starport  
  113  11:24  Marine x2  
  115  11:27  SCV  
  115  11:28  SCV  
  115  11:30  Marine x2  
  115  11:31  Marine  
  120  11:33  Marine  
  112  11:40  Orbital Command  
  101  11:49  Marine x4  
  101  12:03  Medivac x2  
  105  12:09  Marine x4  
  105  12:15  SCV x3  
  112  12:16  SCV  
  112  12:20  Siege Tank  
  116  12:27  SCV x3  
  116  12:28  SCV  
  118  12:39  SCV x3  
  118  12:40  SCV  
  119  12:49  Barracks Reactor  
  119  12:50  Barracks Reactor  
  119  12:51  SCV x2  
  119  12:52  Medivac x2, SCV x2  
  127  13:03  SCV, Marine  
  127  13:04  Marine x2  
  128  13:08  Marine x3  
  128  13:14  Siege Tank x2  
  132  13:21  Marine x2  
  132  13:23  Marine  
  132  13:25  Marine  
  132  13:26  Marine x3  
  139  13:27  Marine x3  
  139  13:31  Viking x2  
  139  13:32  Missile Turret  
  143  13:39  Marine x2  
  143  13:41  Marine  
  142  13:43  Marine  
  142  13:46  Siege Tank  
  142  13:48  Marine x2  
  126  13:57  Marine x6  
  126  13:58  Marine  
  126  14:01  Marine  
  126  14:02  SCV x3  
Tags
 
Add a new tag
Caveats
  • Supply blocks, unpowered buildings, or Contaminate may cause inaccurate times.
  • Supply counts are checked every 10 seconds.